Map: Ancient Cistern LE

Players

zorg

  • Race: Zerg Zerg
  • League: Platinum
  • Spawn Location: 1:00

MrSLOW - Winner!

  • Race: Protoss Protoss
  • League: Platinum
  • Spawn Location: 7:00

VOD

Have the link to the VOD?

Description

Time

  • Played on: April 1, 2023, 12:32 p.m.
  • Length: 11:29
Show
View Real Time Build Order
Export as new Build Order

zorg Zerg 

Build Orders: Pool First, Lurkers 

Get SALT Encoding   

  12  0:03  Drone  
  13  0:08  Drone  
  14  0:16  Extractor x2  
  14  0:18  Drone  
  13  0:23  Drone  
  16  0:28  Overlord  
  16  0:45  Spawning Pool  
  16  0:48  Drone  
  16  0:52  Drone  
  17  1:12  Hatchery  
  16  1:23  Drone  
  16  1:24  Drone x2  
  19  1:31  Queen  
  21  1:35  Extractor  
  20  1:40  Overlord  
  20  1:49  Drone  
  21  2:04  Drone  
  22  2:16  Drone, Extractor  
  22  2:19  Drone  
  23  2:30  Roach Warren  
  23  2:35  Queen  
  23  2:36  Drone x3  
  27  2:40  Lair  
  27  2:41  Extractor  
  27  2:44  Drone  
  27  2:47  Drone  
  27  2:51  Drone  
  29  2:56  Drone  
  29  2:57  Drone  
  31  3:05  Overlord  
  31  3:17  Overlord  
  31  3:25  Roach x2  
  35  3:40  Roach x4  
  43  3:42  Overseer  
  43  3:54  Overlord x2  
  43  4:00  Drone  
  44  4:08  Overlord  
  44  4:20  Ravager x2  
  44  4:23  Ravager  
  47  4:25  Overlord  
  47  4:32  Extractor  
  47  4:33  Roach x5  
  56  4:54  Spore Crawler  
  56  4:58  Spore Crawler  
  56  4:59  Spore Crawler, Hydralisk Den  
  49  5:03  Spore Crawler  
  49  5:06  Drone x5  
  50  5:13  Overlord  
  50  5:24  Drone x3  
  53  5:30  Hydralisk  
  55  5:37  Hydralisk  
  55  5:41  Hydralisk  
  59  5:45  Hydralisk  
  61  5:52  Muscular Augments  
  61  5:54  Hydralisk  
  63  5:58  Hydralisk  
  63  6:03  Drone x2  
  67  6:06  Drone  
  67  6:09  Hydralisk  
  70  6:15  Drone  
  70  6:17  Spore Crawler  
  70  6:24  Drone x2  
  72  6:25  Lurker Den  
  72  6:27  Drone  
  72  6:36  Hydralisk  
  72  6:37  Evolution Chamber  
  72  6:39  Evolution Chamber  
  72  6:50  Infestation Pit, Drone  
  72  6:58  Drone x2  
  74  7:03  Grooved Spines  
  74  7:05  Drone x2  
  74  7:07  Zerg Missile Weapons Level 1  
  76  7:11  Overlord  
  76  7:25  Overseer  
  76  7:30  Hive  
  76  7:44  Lurker  
  76  7:45  Lurker  
  76  7:47  Drone x4  
  76  7:48  Drone x2  
  76  7:49  Hatchery  
  83  7:55  Overlord  
  83  8:06  Drone  
  83  8:08  Overlord x2  
  81  8:24  Zerg Ground Armor Level 1  
  81  8:27  Overseer  
  81  8:30  Drone x7  
  81  8:31  Drone x2  
  90  8:40  Spire  
  89  8:53  Overseer  
  89  8:55  Overseer  
  89  9:00  Drone x4  
  93  9:03  Extractor  
  93  9:05  Lurker  
  93  9:08  Lurker  
  94  9:11  Drone x4  
  94  9:14  Hatchery  
  94  9:15  Extractor  
  96  9:19  Drone x6  
  102  9:32  Hydralisk x2  
  106  9:40  Spore Crawler, Drone  
  106  9:41  Drone x6  
  112  9:46  Adaptive Talons  
  112  9:48  Overseer  
  110  10:17  Overlord x3  
  110  10:18  Overlord x2  
  110  10:26  Lurker  
  110  10:27  Lurker x3  
  114  10:44  Extractor  
  105  11:00  Hatchery  
  105  11:01  Extractor  
Show
View Real Time Build Order
Export as new Build Order

MrSLOW Protoss - Winner!

Build Orders: Archon Immortal 

Get SALT Encoding   

  12  0:00  Probe  
  13  0:12  Probe  
  14  0:20  Pylon  
  14  0:25  Probe  
  15  0:38  Probe (Chrono Boost)  
  15  0:39  Gateway  
  16  0:48  Assimilator  
  16  0:49  Probe (Chrono Boost)  
  17  0:53  Probe (Chrono Boost)  
  18  1:04  Probe  
  19  1:16  Probe  
  20  1:24  Gateway  
  20  1:29  Cybernetics Core  
  20  1:30  Pylon  
  20  1:34  Zealot  
  20  1:37  Probe  
  23  1:50  Probe  
  24  2:05  Nexus  
  23  2:15  Stalker  
  23  2:16  Probe  
  26  2:23  Assimilator  
  26  2:28  Probe  
  27  2:33  Warp Gate  
  27  2:36  Pylon  
  27  2:41  Probe  
  28  2:53  Probe  
  29  3:01  Stargate  
  29  3:05  Probe  
  30  3:12  Pylon  
  30  3:17  Probe (Chrono Boost)  
  30  3:18  Probe (Chrono Boost)  
  32  3:21  Sentry  
  36  3:27  Probe x2 (Chrono Boost)  
  36  3:32  Probe x2 (Chrono Boost)  
  38  3:43  Probe (Chrono Boost)  
  38  3:44  Probe (Chrono Boost)  
  44  3:50  Probe x2 (Chrono Boost)  
  44  3:51  Void Ray  
  46  3:58  Probe x2  
  46  4:00  Assimilator x2  
  48  4:10  Probe (Chrono Boost)  
  48  4:11  Probe (Chrono Boost)  
  48  4:13  Pylon  
  50  4:22  Probe (Chrono Boost)  
  50  4:23  Probe (Chrono Boost)  
  52  4:29  Probe (Chrono Boost)  
  52  4:30  Probe (Chrono Boost)  
  58  4:34  Void Ray  
  58  4:36  Probe x2  
  60  4:41  Adept x2  
  62  5:01  Probe x2  
  64  5:08  Nexus  
  64  5:10  Pylon  
  64  5:12  Pylon  
  64  5:13  Assimilator, Probe x2  
  66  5:17  Assimilator  
  70  5:28  Probe x2, Void Ray  
  70  5:29  Twilight Council, Forge  
  72  5:40  Pylon, Probe x2  
  74  5:43  Pylon  
  74  5:52  Probe x2  
  74  5:54  Robotics Facility, Shield Battery  
  74  5:55  Robotics Facility  
  76  6:01  Pylon  
  76  6:05  Probe x2  
  76  6:06  Blink  
  76  6:07  Protoss Ground Weapons Level 1  
  78  6:17  Probe (Chrono Boost)  
  78  6:18  Probe (Chrono Boost)  
  80  6:21  Probe (Chrono Boost)  
  81  6:29  Probe x2 (Chrono Boost)  
  81  6:31  Probe (Chrono Boost), Gateway  
  84  6:33  Gateway  
  84  6:34  Probe (Chrono Boost)  
  84  6:35  Gateway  
  84  6:38  Gateway  
  85  6:40  Photon Cannon  
  85  6:47  Observer (Chrono Boost)  
  85  6:49  Observer (Chrono Boost)  
  85  6:50  Photon Cannon  
  85  6:53  Pylon, Robotics Bay  
  87  6:58  Shield Battery  
  87  7:01  Stalker x2  
  87  7:07  Immortal (Chrono Boost)  
  91  7:08  Immortal (Chrono Boost)  
  99  7:21  Pylon  
  99  7:29  Pylon  
  99  7:32  Pylon  
  99  7:35  Gateway  
  99  7:37  Gateway  
  99  7:39  Templar Archives  
  99  7:40  Colossus x2 (Chrono Boost)  
  111  8:03  Stalker  
  111  8:04  Stalker x3  
  119  8:07  Charge  
  119  8:23  Colossus (Chrono Boost)  
  131  8:28  Colossus (Chrono Boost)  
  131  8:37  Photon Cannon  
  131  8:39  Shield Battery  
  131  8:42  Photon Cannon, Shield Battery  
  131  8:43  Observer  
  131  8:44  Photon Cannon, Observer  
  131  8:48  Pylon  
  131  8:51  Pylon  
  131  8:56  High Templar x6  
  131  8:58  Zealot x2, Protoss Ground Weapons Level 2 (Chrono Boost)  
  131  9:00  Archon x2  
  131  9:01  Archon  
  147  9:04  Immortal (Chrono Boost)  
  147  9:08  Immortal  
  151  9:10  Gravitic Boosters  
  155  9:34  High Templar  
  155  9:35  Zealot x4, High Templar  
  155  9:36  Zealot x2, Nexus  
  155  9:38  Pylon  
  171  9:39  Archon  
  171  9:48  Pylon  
  171  9:50  Pylon x2  
  171  10:21  Warp Prism (Chrono Boost)  
  173  10:31  Assimilator  
  173  10:32  Assimilator, Pylon  
  173  10:33  Photon Cannon  
  173  10:36  Probe x2, Photon Cannon  
  173  10:37  Photon Cannon, Shield Battery  
  173  10:38  Photon Cannon  
  175  10:53  Immortal (Chrono Boost)  
  175  10:54  Immortal (Chrono Boost)  
  183  11:07  Probe x4  
  187  11:15  Zealot x6  
Tags
 
Add a new tag
Caveats
  • Supply blocks, unpowered buildings, or Contaminate may cause inaccurate times.
  • Supply counts are checked every 10 seconds.